Map: Interloper LE

Players

Yata

  • Race: Zerg Zerg
  • League: Platinum
  • Spawn Location: 11:00

jiseokcube - Winner!

  • Race: Protoss Protoss
  • League: Diamond
  • Spawn Location: 5:00

VOD

Have the link to the VOD?

Description

Time

  • Played on: Oct. 28, 2017, 9:21 p.m.
  • Length: 8:19
Show
View Real Time Build Order
Export as new Build Order

Yata Zerg 

Build Orders: Hatch First 

Get SALT Encoding   

  12  0:01  Drone  
  13  0:13  Overlord  
  13  0:20  Drone  
  14  0:31  Drone x2  
  14  0:35  Drone  
  17  0:59  Drone  
  17  1:00  Drone  
  17  1:01  Hatchery  
  18  1:13  Extractor  
  17  1:19  Spawning Pool, Drone  
  17  1:22  Drone  
  18  1:31  Drone  
  19  1:39  Overlord  
  19  1:51  Drone  
  20  2:05  Drone  
  20  2:07  Queen  
  23  2:12  Queen  
  23  2:14  Zergling x2  
  26  2:16  Zergling x2  
  27  2:24  Drone x2  
  27  2:29  Metabolic Boost  
  29  2:37  Baneling Nest  
  29  2:40  Drone  
  29  2:43  Queen  
  31  2:46  Overlord  
  31  2:52  Drone x2  
  33  2:58  Evolution Chamber  
  32  3:06  Drone x3  
  32  3:07  Drone  
  36  3:16  Pneumatized Carapace  
  36  3:18  Drone x2  
  38  3:30  Drone x4  
  38  3:31  Drone  
  43  3:38  Zergling x2  
  44  3:50  Extractor  
  44  3:51  Overlord  
  44  3:52  Overlord x3  
  43  4:14  Hatchery  
  43  4:15  Zergling x2  
  43  4:16  Zergling x8  
  47  4:18  Lair  
  47  4:25  Zerg Melee Weapons Level 1  
  47  4:31  Extractor, Drone x2  
  48  4:32  Drone x3  
  51  4:44  Zergling x8  
  51  4:45  Baneling x3  
  55  4:56  Drone x4  
  59  5:20  Queen  
  59  5:21  Queen  
  63  5:22  Hydralisk Den  
  62  5:29  Drone x9  
  62  5:30  Drone x2  
  62  5:32  Zergling x2  
  74  5:39  Overlord  
  73  5:57  Hydralisk x4  
  73  6:04  Overlord x4  
  81  6:06  Zergling x2  
  82  6:16  Overlord x5  
  82  6:24  Hydralisk  
  82  6:25  Hydralisk x4  
  92  6:28  Zergling x6  
  95  6:36  Zergling x8  
  95  6:39  Zergling x2  
  93  6:40  Zergling x2  
  94  6:51  Zergling x2  
  94  6:52  Zergling x16  
  103  6:56  Baneling x9  
  91  7:11  Zergling x12  
  94  7:18  Zergling x10  
  78  7:22  Queen  
  78  7:24  Zergling x8  
  78  7:28  Zergling x4  
  81  7:34  Zergling x8  
  68  7:47  Overseer  
  68  7:48  Overseer  
  68  7:49  Baneling  
  68  7:50  Baneling x11  
  67  7:52  Zergling x2  
Show
View Real Time Build Order
Export as new Build Order

jiseokcube Protoss - Winner!

Build Orders: 1 Gate Expand 

Get SALT Encoding   

  12  0:00  Probe (Chrono Boost)  
  13  0:11  Probe (Chrono Boost)  
  14  0:20  Pylon  
  14  0:22  Probe (Chrono Boost)  
  15  0:38  Probe (Chrono Boost)  
  15  0:41  Gateway  
  16  0:46  Assimilator  
  16  0:49  Probe (Chrono Boost)  
  17  0:59  Probe (Chrono Boost)  
  18  1:10  Probe (Chrono Boost)  
  19  1:24  Nexus  
  19  1:27  Probe (Chrono Boost)  
  20  1:38  Cybernetics Core  
  20  1:42  Probe (Chrono Boost)  
  20  1:45  Assimilator  
  21  1:53  Probe (Chrono Boost)  
  22  1:56  Pylon  
  22  2:03  Probe (Chrono Boost)  
  23  2:14  Probe (Chrono Boost)  
  23  2:15  Stalker  
  26  2:16  Warp Gate  
  26  2:25  Probe (Chrono Boost)  
  27  2:32  Robotics Facility  
  27  2:37  Probe x2 (Chrono Boost)  
  29  2:47  Probe (Chrono Boost)  
  29  2:48  Probe (Chrono Boost)  
  29  2:49  Adept  
  33  3:00  Probe x2 (Chrono Boost)  
  35  3:11  Gateway  
  35  3:12  Gateway  
  35  3:14  Probe (Chrono Boost)  
  35  3:15  Probe (Chrono Boost)  
  37  3:26  Immortal (Chrono Boost), Probe  
  41  3:32  Mothership Core  
  44  3:40  Pylon  
  44  3:46  Pylon, Probe  
  45  3:53  Probe  
  46  4:00  Warp Prism (Chrono Boost)  
  48  4:12  Probe  
  48  4:14  Probe  
  48  4:16  Pylon  
  50  4:18  Assimilator  
  50  4:21  Assimilator  
  50  4:22  Sentry x3  
  50  4:23  Probe  
  56  4:27  Probe  
  59  4:31  Observer (Chrono Boost)  
  59  4:37  Pylon, Probe  
  59  4:40  Probe  
  59  4:44  Pylon  
  61  4:50  Immortal (Chrono Boost)  
  65  4:56  Sentry  
  65  4:58  Adept x2  
  71  5:12  Probe  
  71  5:13  Probe  
  72  5:21  Gateway  
  72  5:22  Probe  
  72  5:23  Gateway x2  
  72  5:24  Gateway  
  72  5:25  Gateway  
  72  5:26  Pylon  
  72  5:27  Sentry x2  
  77  6:02  Immortal (Chrono Boost)  
  81  6:15  Nexus  
  81  6:16  Pylon  
  81  6:17  Pylon  
  81  6:19  Stalker x3  
  87  6:30  Stalker x3  
  93  6:47  Stalker x5  
  87  7:25  Stalker x8  
  93  7:39  Probe x2  
  93  7:41  Probe  
  96  7:49  Probe  
  96  7:50  Adept x7  
  111  7:51  Adept  
  113  8:10  Sentry x6  
Tags
 
Add a new tag
Caveats
  • Supply blocks, unpowered buildings, or Contaminate may cause inaccurate times.
  • Supply counts are checked every 10 seconds.